 Dungeon Crawl Stone Soup version 0.19-a0-816-geccf914 (webtiles) character file.

788 MrRokkomies the Grave Robber (level 7, -2/55 HPs)
             Began as a Vampire Necromancer on June 29, 2016.
             Slain by an ogre
             ... wielding a cursed +0 giant spiked club
              (21 damage)
             ... on level 5 of the Dungeon.
             The game lasted 00:16:17 (5592 turns).

MrRokkomies the Grave Robber (Vampire Necromancer)  Turns: 5592, Time: 00:16:18

Health: -2/55      AC:  7    Str:  8    XL:     7   Next: 56%
Magic:  0/10       EV: 12    Int: 19    God:
Gold:   208        SH:  0    Dex: 14    Spells: 4 memorised, 1 level left

rFire  + . .     SeeInvis +     r - +1 dagger (flame)
rCold  + + .     Gourm    .     h - +0 leather armour
rNeg   + + +     Faith    .     (no shield)
rPois  +         Spirit   +     m - +1 helmet
rElec  .         Dismiss  .     o - +0 cloak
rCorr  .         Reflect  .     v - +0 pair of gloves
SustAt .         Harm     .     (no boots)
MR     .....                    i - amulet of guardian spirit
Stlth  ++........               (no ring)
                                d - ring of protection from fire

@: regenerating slowly, not resistant to hostile enchantments, unstealthy
A: fangs 3, see invisible, unbreathing
a: Bat Form


You were on level 5 of the Dungeon.
You were near bloodless.

You visited 1 branch of the dungeon, and saw 5 of its levels.

You collected 208 gold pieces.

Inventory:

Hand Weapons
 a - a +1 great sword
 r - a +1 dagger of flaming (weapon)
Armour
 h - a +0 leather armour (worn)
 m - a +1 helmet (worn)
 o - a +0 cloak (worn)
 v - a +0 pair of gloves (worn)
Jewellery
 d - a ring of protection from fire (left hand)
 i - an amulet of guardian spirit (around neck)
Wands
 c - a wand of polymorph (11/24)
 f - a wand of paralysis (0/24)
 t - a wand of lightning (0/15)
Scrolls
 u - a scroll of remove curse
 x - a scroll of recharging {unknown}
Potions
 e - 2 potions of mutation
 g - a potion of might
 j - 2 potions of heal wounds {unknown}
 k - 2 potions of flight
 l - a potion of agility {unknown}
 n - a potion of magic {unknown}
 p - 3 potions of curing
 q - a potion of berserk rage {unknown}
 w - a potion of invisibility {unknown}
Books
 b - a book of Necromancy

   Spells                             Type                      Level
   a - Pain                           Necromancy                   1
   b - Animate Skeleton               Necromancy                   1
   c - Vampiric Draining              Necromancy                   3
   d - Regeneration                   Charms/Necromancy            3
   e - Animate Dead                   Necromancy                   4
   f - Control Undead                 Necromancy                   4
 s - a book of Maledictions

   Spells                             Type                      Level
   a - Corona                         Hexes                        1
   b - Ensorcelled Hibernation        Hexes/Ice                    2
   c - Confuse                        Hexes                        3
   d - Tukima's Dance                 Hexes                        3
   e - Dazzling Spray                 Conjuration/Hexes            3


   Skills:
 - Level 4.8 Fighting
 * Level 3.3 Long Blades
 - Level 2.1 Dodging
 - Level 3.0 Stealth
 - Level 2.0 Spellcasting
 - Level 7.3 Necromancy


You had one spell level left.
You knew the following spells:

 Your Spells              Type           Power        Failure   Level  Hunger
a - Pain                  Necr           ####         1%          1    #......
b - Animate Skeleton      Necr           N/A          1%          1    #......
c - Vampiric Draining     Necr           ####......   4%          3    ###....
d - Animate Dead          Necr           N/A          14%         4    #####..


Dungeon Overview and Level Annotations

Branches:
Dungeon (5/15)
 Temple: D:4-7

Altars:
Ashenzari
Nemelex Xobeh
Okawaru
Trog
The Shining One

Annotations:
D:4 MrRokkomies's ghost, amateur OpNe


Innate Abilities, Weirdness & Mutations

You heal slowly.
You have razor-sharp teeth.
You have supernaturally acute eyesight. (SInv)
You can survive without breathing.


Message History

Nothing appears to happen.
A gnoll comes into view.
The gnoll moves out of view.
Found 20 gold pieces.
Casting: Pain
Confirm with . or Enter, or press ? or * to list all spells.
Aiming: Vampiric Draining
Press: ? - help, Shift-Dir - straight line, f - ogre
Aim: an ogre, wielding a giant spiked club The ogre is moderately wounded.
You feel life coursing into your body. The ogre closely misses you.
Casting: Vampiric Draining
Confirm with . or Enter, or press ? or * to list all spells.
Aiming: Vampiric Draining
Press: ? - help, Shift-Dir - straight line, f/p - ogre
Aim: an ogre, wielding a giant spiked club (moderately wounded)
The ogre is heavily wounded.
You feel life coursing into your body.
The ogre hits you with a giant spiked club!!
You die...

.. ... #......# #.# #
..##.##.#.##.# #.####
.##....#)#.##.########.)...
...........##.#......######
.......#.###....####.# #
#...............####.#
#.................##.#
#...#..###O####.#.##.#
#...#.. #@# #......#
.........$....###.####
...........$# #.#
#.####.......# #.. #.
#.......# ##.# #.......# .#
#.......# .# #.$.....# .#


You could see an ogre.

Vanquished Creatures
  A water moccasin (D:5)
  An ogre (D:5)
  A gnoll sergeant (D:5)
  3 scorpions
  A crimson imp (D:5)
  Jessica (D:2)
  2 iguanas
  5 worker ants
  5 adders
  4 oozes
  An adder skeleton (D:4)
  A worm (D:4)
  3 dart slugs
  A giant gecko (D:1)
  8 orcs
  4 giant cockroaches
  6 goblins
  8 hobgoblins
  4 jackals (D:1)
  2 quokkas (D:3)
  A ball python (D:1)
  5 bats
  A giant cockroach zombie (D:4)
  A giant newt (D:4)
  13 kobolds
  9 rats
92 creatures vanquished.

Vanquished Creatures (collateral kills)
  A giant cockroach (D:2)
  A bat (D:2)
  A rat (D:2)
3 creatures vanquished.

Grand Total: 95 creatures vanquished

Notes
Turn   | Place    | Note
--------------------------------------------------------------
     0 | D:1      | MrRokkomies the Vampire Necromancer began the quest for the Orb.
     0 | D:1      | Reached XP level 1. HP: 13/13 MP: 3/3
   243 | D:1      | Reached skill level 1 in Fighting
   246 | D:1      | Reached XP level 2. HP: 11/21 MP: 1/5
   255 | D:1      | Learned a level 1 spell: Animate Skeleton
  1132 | D:1      | Reached XP level 3. HP: 24/27 MP: 2/6
  1194 | D:1      | Reached skill level 5 in Necromancy
  1741 | D:2      | Noticed Jessica
  1749 | D:2      | Killed Jessica
  1802 | D:2      | Reached XP level 4. HP: 21/33 MP: 7/7
  1829 | D:2      | Learned a level 3 spell: Vampiric Draining
  2004 | D:2      | Found a glowing golden altar of the Shining One.
  2695 | D:3      | Reached XP level 5. HP: 30/40 MP: 4/8
  3328 | D:3      | Found an iron altar of Okawaru.
  3328 | D:3      | Found a bloodstained altar of Trog.
  3363 | D:3      | Reached skill level 6 in Necromancy
  3817 | D:4      | Noticed MrRokkomies's ghost (amateur OpNe)
  3920 | D:4      | Reached XP level 6. HP: 41/48 MP: 7/9
  4082 | D:4      | Found a shattered altar of Ashenzari.
  4462 | D:5      | Entered Level 5 of the Dungeon
  4463 | D:5      | Found a sparkling altar of Nemelex Xobeh.
  4479 | D:5      | Learned a level 4 spell: Animate Dead
  4496 | D:5      | Found an iron altar of Okawaru.
  4572 | D:5      | Noticed a water moccasin
  4584 | D:5      | Killed a water moccasin
  4584 | D:5      | Reached skill level 7 in Necromancy
  4584 | D:5      | Reached XP level 7. HP: 40/55 MP: 3/10
  5332 | D:5      | Reached skill level 1 in Long Blades
  5592 | D:5      | Slain by an ogre

Vault maps used:
D:1:      lemuel_arrival_lava_pool, minmay_tetromino_l4
D:2:      tso_altar, uniq_jessica
D:3:      gammafunk_temple_overflow_wave, minivault_5
D:4:      ashenzari_conservatory_becter, first_bread
D:5:      nemelex_xobeh_ov_fountains_minmay, zin_academy,
          grunt_temple_overflow_open, basic_altar

Skill      XL: |  1  2  3  4  5  6  7 |
---------------+----------------------+-----
Fighting       | 1 2 3 4 |  4.8
Necromancy     | 5 6 7 |  7.3
Long Blades    | 3 |  3.3
Dodging        | |  2.1
Stealth        | |  3.0
Spellcasting   | |  2.0

Action                   |  1- 3 |  4- 6 |  7- 9 || total
-------------------------+-------+-------+-------++-------
Melee: Unarmed           |    22 |       |       ||    22
       Short sword       |    66 |    47 |       ||   113
       Dagger            |    12 |   120 |    99 ||   231
       Bite              |     1 |    15 |    12 ||    28
       Rapier            |       |    69 |       ||    69
       Great sword       |       |       |     6 ||     6
 Cast: Pain              |    24 |    29 |     6 ||    59
       Animate Skeleton  |     1 |       |       ||     1
       Vampiric Draining |       |     4 |     6 ||    10
Evoke: Wand              |       |       |     5 ||     5
  Use: Scroll            |     4 |     4 |     3 ||    11
       Potion            |     2 |       |     1 ||     3
 Stab: Sleeping          |     1 |    12 |       ||    13
  Eat: Corpse            |       |     5 |     2 ||     7
Armor: Robe              |    16 |       |       ||    16
       Leather armour    |    23 |    62 |    23 ||   108
Dodge: Dodged            |    85 |   162 |    65 ||   312
